 Dungeon Crawl Stone Soup version 0.30-a0-50-gb2d611f6b1 (webtiles) character file.

Game seed: 2501177601374760491

18 porpoise the Sneak (level 2, -3/24 HPs)
             Began as a Demonspawn Delver on Sept 4, 2022.
             Slain by an orc
             ... wielding a +0 flail
              (7 damage)
             ... on level 4 of the Dungeon.
             The game lasted 00:02:04 (418 turns).

porpoise the Sneak (Demonspawn Delver)               Turns: 418, Time: 00:02:05

Health: -3/24      AC:  3    Str: 12    XL:     2   Next: 51%
Magic:  2/2        EV: 11    Int: 11    God:
Gold:   0          SH:  0    Dex: 14    Spells: 1/1 levels left

rFire   . . .      SeeInvis .    a - +0 spear
rCold   . . .      Faith    .    (no shield)
rNeg    . . .      Spirit   .    b - +0 leather armour
rPois   .          Reflect  .    (no helmet)
rElec   .          Harm     .    (no cloak)
rCorr   .          Rampage  .    (no gloves)
Will    .....                    (no boots)
Stlth   +++.......               (no amulet)
HPRegen 0.08/turn                (no ring)
MPRegen 0.08/turn                (no ring)

@: lethally poisoned (-3 -> -9)
A: weakness stinger 1
a: no special abilities


You were on level 4 of the Dungeon.
You visited 1 branch of the dungeon, and saw 3 of its levels.

Inventory:

Hand Weapons
 a - a +0 spear (weapon)
Armour
 b - a +0 leather armour (worn)
Wands
 g - a wand of digging (3)
Scrolls
 c - a scroll of fog
 d - a scroll of magic mapping
 e - a scroll of fear
 h - 2 scrolls of teleportation {unknown}
Potions
 f - a potion of haste


   Skills:
 * Level 3.3 Fighting
 * Level 2.2 Polearms
 - Level 1.7 Dodging
 + Level 4.6 Stealth


You had one spell level left.
You didn't know any spells.
Your spell library was empty.

Dungeon Overview and Level Annotations

Branches:
Dungeon (5/15)
 Temple: D:4-7

Altars:
Ru

Shops:
D:4 [

Portals:
Ossuary: D:4


Innate Abilities, Weirdness & Mutations

You have a small tail.


Message History

Found an escape hatch in the floor.
Found a sand-covered staircase.
Found an escape hatch in the floor.
There is an open door here.
There is an open door here.
An orc comes into view. It is wielding a +0 flail.
An adder comes into view.
Found 4 gold pieces.
The orc shouts!
The adder hisses angrily.
The adder bites you but does no damage.
You hit the adder.
The adder is heavily wounded.
The adder bites you.
You hit the adder.
The adder is almost dead.
The adder barely misses you. The adder bites you.
You closely miss the adder.
Your tail-slap misses the adder.
The adder is almost dead.
The orc hits you with a +0 flail. The adder bites you.
You hit the adder.
The adder is almost dead.
The adder bites you.
You are poisoned.
The adder poisons you! The orc hits you with a +0 flail.
You closely miss the adder. Your punch misses the adder.
The adder is almost dead.
You feel sick. The adder closely misses you. The orc closely misses you.
The adder bites you.
You are lethally poisoned!
The adder poisons you!
You barely miss the adder.
The adder is almost dead.
You feel very sick. The orc barely misses you. The adder bites you.
You hit the adder.
You kill the adder!
* * * LOW HITPOINT WARNING * * *
You feel sick. The orc closely misses you.
* * * LOW HITPOINT WARNING * * *
You feel sick. The orc hits you with a +0 flail!
You die...

....
................##......
......$.....#...........
........#..##...........
........#...............
.....................[..
#......................
.###....................
......o@................
...##...#####...........
#..+## ####'.........
#..#...#...#.........
... #.∩.#.>.##........
.... #...#...##...##...
...# ### ######..###..#
#.. #. ... #..# #... #
#.>.##..# ##..


You could see an orc.

Vanquished Creatures
  An adder (D:4)
  An ufetubus (D:5)
  An orc (D:4)
  A jackal (D:5)
4 creatures vanquished.

Notes
Turn   | Place    | Note
-------+----------+-------------------------------------------
     0 | D:5      | porpoise the Demonspawn Delver began the quest for the Orb.
     0 | D:5      | Reached XP level 1. HP: 18/18 MP: 1/1
    25 | D:5      | Found a sacrificial altar of Ru.
   147 | D:5      | Noticed a black bear
   273 | D:5      | Noticed a hound
   303 | D:5      | Noticed a centaur
   362 | D:4      | Gained mutation: You have a small tail. [demonic ancestry]
   362 | D:4      | Reached XP level 2. HP: 24/24 MP: 2/2
   371 | D:4      | Found Kizosudy's Armour Shoppe.
   395 | D:4      | Found a sand-covered staircase.
   418 | D:4      | Slain by an orc

Illustrated notes

Levels and vault maps discovered:
D:3:      layout_loops_cross, mainiacjoe_overflow_alcove_4, uniq_ijyb
D:4:      layout_cave_pools, nicolae_ossuary_entry_false_entrances,
          serial_shops, shop, shop, shop
D:5:      layout_basic, lemuel_round_altar, mainiacjoe_overflow_24_doors,
          okawaru_altar_gauntlet_db

Skill      XL: |  1 |
---------------+----+-----
Polearms       | 2 |  2.2
Fighting       | |  3.3
Dodging        | |  1.7
Stealth        | |  4.6

Action                   || total
-------------------------++-------
Melee: Spear             ||    22
Armor: Leather armour    ||     7
Dodge: Dodged            ||    13

Table legend: (Time is in decaauts)
 A = Elapsed time spent in this place.
 B = Non-inter-level travel time spent in this place.
 C = Inter-level travel time spent in this place.
 D = Time resting spent in this place.
 E = Time spent auto-exploring this place.
 F = Levels seen in this place.
 G = Mean time per level.
                   A        B        C        D        E       F      G
               +--------+--------+--------+--------+--------+-----+--------+
         Total |    417 |    417 |      0 |    139 |     48 |   3 |  139.0 |
       Dungeon |    417 |    417 |      0 |    139 |     48 |   3 |  139.0 |
               +--------+--------+--------+--------+--------+-----+--------+

Top non-repeatable levels by time:
     D:5: 322 daAuts
     D:4: 94 daAuts
     D:3: 1 daAuts
